[Event "SixDays Budapest March IM B 2025"]
[Site "Budapest"]
[Date "2025.03.26"]
[Round "5.1"]
[White "Shah, Vishwa"]
[Black "Chakrabarty, Reyaansh"]
[Result "0-1"]
[Annotator "TA"]
[ECO "B12"]
[WhiteElo "2172"]
[BlackElo "2181"]
[PlyCount "96"]
[EventDate "2025.03.23"]
[EventType "tourn"]
[EventCountry "HUN"]
[SourceTitle "playchess.com"]
[Source "ChessBase"]
[SourceQuality "1"]
[TimeControl "5400+30"]

1. e4 c6 2. d4 d5 3. e5 c5 4. Nf3 cxd4 5. Nxd4 Nc6 6. Nxc6 {[%emt 0:00:10] B12: Caro-Kann: Advance Variation.} bxc6 7. Bd3 e6 8. O-O {[%emt 0:00:10] The position is equal.} Ne7 9. Be3 a5 10. Qe2 Nf5 $146 ({Predecessor:} 10... Qc7 11. f4 c5 12. c4 d4 13. Bf2 Bb7 14. Nd2 h5 15. Be4 Nf5 16. Qd3 g6 {1-0 Martinez Alcantara,J (2598)-Indjic,A (2605) Titled Tuesday intern op 22 Mar Late blitz 2022 (7)}) 11. Bc1 Qb6 12. Nd2 Be7 13. Nf3 Ba6 14. Bxa6 Qxa6 15. Qxa6 Rxa6 16. g4 Nh4 17. Nxh4 Bxh4 18. Be3 Bd8 19. Kg2 Bb6 20. Bxb6 Rxb6 $11 {[%emt 0:00:10][%mdl 4096] Endgame KRR-KRR} 21. b3 h5 22. h3 Rb4 23. f3 Kd7 24. Rad1 a4 25. Rd3 (25. Rb1 $11) 25... Ra8 26. Kf2 (26. Kg3 $15 {feels stronger.}) 26... h4 27. Ke3 axb3 28. axb3 Ra2 29. Rc1 c5 {[%emt 0:02:29] Against Rd4} 30. Kd2 {[%emt 0:02:35] Black continues to play with concentration.} ({Better is} 30. g5 $1 $15) 30... Kc6 31. Re3 d4 {[%emt 0:01:05] Black is more active.} 32. Rd3 Kd5 33. Re1 (33. f4 {was worth a try.}) 33... c4 $19 34. bxc4+ Rxc4 35. Rc1 Kxe5 36. Rb3 g5 (36... Kf4 37. Rb7 $19) 37. Kd3 Rca4 38. f4+ gxf4 ({Resist} 38... Kxf4 39. Rf1+ Ke5 (39... Kg3 40. Ke2+ d3+ 41. Rxd3+ Kh2 42. Rf2+ Kh1 43. Rd1#) 40. Rb5+ Kd6 41. Rxf7 $19) 39. Rb5+ Kf6 40. Rf1 R2a3+ {[%emt 0:00:05] Black is clearly winning.} 41. Kd2 e5 (41... Rxh3 42. Rxf4+ Kg6 43. g5 Rh2+ 44. Kd3 Ra3+ 45. Kxd4 Rd2+ (45... Rxc2 46. Rf6+ Kg7 47. Rb7 $15) 46. Ke4 Ra4+ (46... Rxc2 $2 47. Rf6+ Kg7 48. Rb7 $19) 47. Ke3 Rxf4 (47... Rxc2 $2 {too greedy.} 48. Rxa4 h3 49. Rh4 $18) 48. Kxd2 $19) 42. Rb6+ Kg5 43. Rb7 Rxh3 {[%emt 0:01:09] [#]} 44. Rxf7 Kxg4 45. Rg7+ Kf5 {[%emt 0:00:08] And now ...Rh2+ would win.} 46. Rf7+ Ke6 47. Rb7 Rh2+ 48. Kd3 Ra3+ {[%emt 0:00:12] Weighted Error Value: White=0.46/Black=0.06 (flawless)   Mistake:       	White=4     	---        Inaccurate:     	White=5     	Black=3      OK:         	White=14    	Black=18} 0-1

[Event "SixDays Budapest March IM B 2025"]
[Site "Budapest"]
[Date "2025.03.26"]
[Round "5.2"]
[White "Vuelban, Virgilio"]
[Black "Banerjee, Supratit"]
[Result "0-1"]
[Annotator "TA"]
[ECO "A05"]
[WhiteElo "2244"]
[BlackElo "2250"]
[PlyCount "86"]
[EventDate "2025.03.23"]
[EventType "tourn"]
[EventCountry "HUN"]
[SourceTitle "playchess.com"]
[Source "ChessBase"]
[SourceQuality "1"]
[TimeControl "5400+30"]

1. Nf3 Nf6 2. g3 g6 3. b3 Bg7 4. Bb2 O-O 5. Bg2 d6 6. d4 b5 7. O-O Bb7 8. Nbd2 Nbd7 9. c4 {[%emt 0:00:09] A49: 1 d4 Nf6 2 Nf3 g6 3 g3: Anti-King's Indian systems.} bxc4 10. Nxc4 c5 11. dxc5 {[%emt 0:05:36] The position is equal.} Nxc5 12. Nd4 $146 (12. b4 Ncd7 13. Na5 Be4 14. Rc1 Qb6 15. a3 Rac8 16. Qd4 Qb8 17. Bh3 Rxc1 18. Rxc1 {1-0 Shimanov,A (2578)-Samadov,R (2434) Wch Rapid New York 2024 (3)}) 12... Bxg2 13. Kxg2 Qd7 14. Qd2 (14. f3 $11) 14... Nfe4 $15 15. Qa5 d5 16. Ne3 e5 17. Nf3 d4 {[%emt 0:04:13] Black plays in the center} 18. Nc4 Qe6 19. Nfd2 Rfc8 20. Nxe4 Nxe4 21. f3 Nc5 22. Qd2 {[%emt 0:07:15] [#]} Na4 $1 23. Ba3 (23. Rac1 h5) 23... e4 24. Nd6 e3 25. Qd1 ({White should try} 25. Qd3 $15) 25... Nc3 $17 {[%emt 0:01:04][%csl Oc3] Strong Square Black (c3)} 26. Qd3 Rc6 27. Nc4 Rb8 28. Rfc1 h5 $36 {[%emt 0:09:12][%mdl 2048] White is under strong pressure. Black is much more active.} 29. Rc2 h4 30. Rac1 (30. Bb2 $17) 30... Bf6 (30... Ra6 $1 $19 31. Ra1 h3+ 32. Kf1 Nd5) 31. Nd6 hxg3 (31... Rxd6 32. Bxd6 Rd8 (32... Qxd6 33. Rxc3 h3+ 34. Kf1 $16) 33. Bc5 $14) 32. hxg3 {[%emt 0:01:07] [#]} Kg7 $1 (32... Rxd6 33. Bxd6 Rc8 (33... Qxd6 $2 {loses.} 34. Rxc3 Kg7 35. Rc6 $18) 34. Bb4 $16) 33. Rh1 {[%emt 0:01:09] Wards off Rh8} Rd8 {[%emt 0:02:10] Some like it hot} ({And not} 33... Rxd6 34. Bxd6 Rd8 (34... Qxd6 35. Rxc3 a5 36. Rc4 $18) 35. Bb4 $16) 34. Ne4 {[%emt 0:05:15][%mdl 8192] [#] Now White is beyond hope.} (34. Nc4 $17) 34... Nxe4 $1 $19 35. Rxc6 Qxc6 36. fxe4 Qe6 37. Bb2 (37. Bb4 $142) 37... Be5 (37... Qg4 $142 {( -> ...Be5)} 38. Rg1 Be5) 38. Qb1 $2 (38. Qb5) 38... Qg4 39. Qe1 Qxe4+ 40. Kg1 Qc2 41. Ba1 Rd6 {[%emt 0:00:53][%cal Od6f6] ...Rf6! is the strong threat.} 42. g4 Rf6 43. g5 Rf2 {[%emt 0:00:14] Weighted Error Value: White=0.67/Black=0.30  Loses game:     	White=1     	---        Mistake:       	White=5     	Black=2      Inaccurate:     	White=1     	---        OK:         	White=11    	Black=10     Best:        	White=2     	Black=4      Strong:       	---       	Black=2} 0-1

[Event "SixDays Budapest March IM B 2025"]
[Site "Budapest"]
[Date "2025.03.26"]
[Round "5.3"]
[White "Horvath, David"]
[Black "Suder, Jakub"]
[Result "1/2-1/2"]
[Annotator "TA"]
[ECO "D31"]
[WhiteElo "2279"]
[BlackElo "2347"]
[PlyCount "60"]
[EventDate "2025.03.23"]
[EventType "tourn"]
[EventCountry "HUN"]
[SourceTitle "playchess.com"]
[Source "ChessBase"]
[SourceQuality "1"]
[TimeControl "5400+30"]

1. c4 e6 2. Nc3 d5 3. d4 c6 4. e3 Bd6 5. Nf3 f5 6. Bd3 Nf6 7. O-O Ne4 8. Ne5 O-O 9. f4 Nd7 10. Bd2 {[%emt 0:02:16] A85: Dutch Defence: 2 c4 Nf6 3 Nc3.} Nxe5 11. fxe5 {[%emt 0:01:03] A sharp opening} Be7 (11... Nxd2 $5 12. Qxd2 dxc4 $16) 12. Nxe4 {[%emt 0:03:45] The position is equal.} dxe4 13. Be2 b6 $146 (13... c5 14. Bc3 Bg5 15. Qd2 cxd4 16. Bxd4 a5 17. Rad1 Qe7 18. Bb6 Qb4 19. Qd4 Qa4 20. Qc3 Qb4 21. Qd4 Qa4 22. Qc3 Qb4 23. Qd4 Qa4 {½-½ Levin,E (2478)-Savchenko,B (2513) RUS-ch Rapid 2023 (11)}) 14. b4 c5 15. dxc5 (15. bxc5 $11 bxc5 16. Bc3) 15... bxc5 (15... a5 $1 $15) 16. b5 $11 Qc7 17. Bc3 Bb7 18. a4 Bg5 19. Qc1 Rad8 20. Bb2 Bh6 21. a5 Rd7 22. a6 Ba8 23. Qc3 Qd8 ({Better is} 23... Rd3 $11 24. Bxd3 Bxe3+ 25. Kh1 Bd4) 24. Rad1 Rff7 (24... Rd3 $1 $14 25. Bxd3 Bxe3+ 26. Kh1 exd3 27. Qxd3 (27. Rxd3 Qg5 $14) 27... Qg5) 25. Ba3 $16 {[%emt 0:02:47] White is better.} Qc7 26. Bc1 g6 27. Rxd7 Rxd7 28. Rd1 Rxd1+ 29. Bxd1 Bg7 30. Bb2 Kf7 {[%emt 0:00:47] Weighted Error Value: White=0.14 (very precise) /Black=0.19 (very precise)   Mistake:       	White=1     	Black=3      Inaccurate:     	White=2     	Black=2      OK:         	White=7     	Black=7      Best:        	White=2     	Black=1} 1/2-1/2

[Event "SixDays Budapest March IM B 2025"]
[Site "Budapest"]
[Date "2025.03.26"]
[Round "5.4"]
[White "Kolimar, Kristof Pal"]
[Black "Savanovic, Aleksandar"]
[Result "1/2-1/2"]
[Annotator "TA"]
[ECO "A40"]
[WhiteElo "2284"]
[BlackElo "2355"]
[PlyCount "36"]
[EventDate "2025.03.23"]
[EventType "tourn"]
[EventCountry "HUN"]
[SourceTitle "playchess.com"]
[Source "ChessBase"]
[SourceQuality "1"]
[TimeControl "5400+30"]

1. d4 Nf6 2. c4 e6 3. g3 Bb4+ 4. Bd2 Qe7 5. Bg2 Nc6 6. e3 e5 7. d5 {[%emt 0:00:17] E00: Catalan Bogo-Indian (3 g3 Bb4+).} Bxd2+ 8. Nxd2 Nb8 9. Ne2 {[%emt 0:01:44] White has an edge.} O-O 10. O-O a5 11. Nc3 d6 12. Qc2 Na6 13. a3 Bd7 14. Rab1 c6 15. dxc6 $146 (15. b4 axb4 16. axb4 c5 17. bxc5 Nxc5 18. Nb3 Ba4 19. Nxa4 Nxa4 20. Bh3 Ra6 21. Ra1 {0-1 Balinov,I (2460)-Beliavsky,A (2660) Mitropa Cup 21st 2002 (4.1)}) 15... Bxc6 16. b4 Bxg2 {[%emt 0:05:23] White is slightly better.} 17. Kxg2 axb4 18. axb4 Rac8 {[%emt 0:00:20] Weighted Error Value: White=0.14 (very precise) /Black=0.09 (flawless)   Inaccurate:     	White=3     	Black=2      OK:         	White=3     	Black=6} 1/2-1/2

[Event "SixDays Budapest March IM B 2025"]
[Site "Budapest"]
[Date "2025.03.26"]
[Round "5.5"]
[White "Pavan Karthikeya Varma Gunturi"]
[Black "Katsanis, Vasileios Dim"]
[Result "0-1"]
[Annotator "TA"]
[ECO "C15"]
[WhiteElo "2015"]
[BlackElo "2253"]
[PlyCount "86"]
[EventDate "2025.03.23"]
[EventType "tourn"]
[EventCountry "HUN"]
[SourceTitle "playchess.com"]
[Source "ChessBase"]
[SourceQuality "1"]
[TimeControl "5400+30"]

1. e4 e6 2. d4 d5 3. Nc3 Bb4 4. exd5 exd5 5. Bd3 Nc6 6. Nf3 Nge7 {[%emt 0:00:49] C01: French: Exchange Variation.} 7. O-O Bf5 8. Bxf5 Nxf5 {[%emt 0:00:06] White has an edge.} 9. Ne2 O-O 10. Ng3 $146 (10. Qd3 Qd7 11. Ne5 Nxe5 12. dxe5 Rfe8 13. Bf4 c6 14. Rad1 Qe6 15. h3 Ba5 16. g4 {0-1 Vokhidov,S (2643)-Piesik,P (2415) Titled Tuesday intern op 27th Aug Early blitz 2024 (6)}) 10... Qd7 11. Qd3 Nxg3 12. hxg3 Rfe8 13. Bf4 Bf8 14. c3 a6 15. Rfe1 f6 16. Rxe8 Rxe8 17. Re1 Rxe1+ 18. Nxe1 Nd8 19. b3 g6 20. Nc2 Ne6 21. Be3 Kf7 22. Kf1 h5 23. Ne1 Be7 24. Qe2 Ng7 25. Nd3 Qf5 26. Bd2 g5 (26... c6 {simplifies} 27. Qf3 Qxf3 28. gxf3 a5) 27. Qf3 $1 Ke6 28. Qxf5+ Nxf5 $15 {[%emt 0:00:32][%mdl 4096] Endgame KBN-KBN} 29. Ke2 b6 30. Be3 Nd6 31. f3 Nf5 32. Bf2 Bd6 33. f4 (33. g4 $11 hxg4 34. fxg4 Ng3+ 35. Bxg3 Bxg3 36. a4) 33... g4 {[%emt 0:02:50] Black is more active.} 34. Ne1 $2 {[%emt 0:04:59] [#] Now White is beyond hope.} ({White should try} 34. c4 $15) 34... h4 $1 $19 35. gxh4 {[%emt 0:02:39] [#]} g3 $1 36. Be3 Nxh4 37. c4 Kf5 38. c5 (38. Bd2 $142) 38... Bxf4 39. Bxf4 $2 (39. c6) 39... Kxf4 40. Nd3+ Ke4 41. Nb4 Nxg2 {[%emt 0:00:39] ( -> ...Nf4+)} 42. Nxa6 Nf4+ ({Less strong is} 42... Kxd4 43. Kf3 Ne3 (43... Ne1+ 44. Kxg3 bxc5 45. Nxc7 $17) 44. Kxg3 $19) 43. Kf1 Kf3 {[%emt 0:00:08] Weighted Error Value: White=0.58/Black=0.03 (flawless)   Loses game:     	White=1     	---        Mistake:       	White=3     	---        Inaccurate:     	White=2     	---        OK:         	White=11    	Black=8      Best:        	---       	Black=1      Strong:       	White=1     	Black=1      Brilliant:      	---       	Black=1} 0-1